Map: Coda EC

Players

AgCl

  • Race: Protoss Protoss

SankEEEEEEEE - Winner!

  • Race: Protoss Protoss

VOD

Have the link to the VOD?

Description

Time

  • Played on: May 10, 2015, 3:44 a.m.
  • Length: 5:47
Show
View Real Time Build Order
Export as new Build Order

AgCl Protoss 

Build Orders:  

Get SALT Encoding   

  12  0:06  Probe  
  13  0:18  Probe  
  14  0:29  Pylon  
  14  0:39  Assimilator  
  14  0:47  Probe, Gateway  
  15  0:59  Probe (Chrono Boost)  
  16  1:10  Probe (Chrono Boost)  
  17  1:16  Probe (Chrono Boost)  
  18  1:19  Forge  
  18  1:28  Probe  
  19  1:35  Zealot (Chrono Boost)  
  19  1:39  Pylon  
  21  1:45  Probe  
  22  1:50  Pylon  
  22  1:58  Photon Cannon  
  22  2:04  Probe  
  23  2:11  Gateway  
  23  2:17  Pylon  
  23  2:20  Probe (Chrono Boost)  
  25  2:31  Probe (Chrono Boost)  
  25  2:38  Assimilator  
  25  2:42  Cybernetics Core  
  26  2:48  Zealot (Chrono Boost)  
Show
View Real Time Build Order
Export as new Build Order

SankEEEEEEEE Protoss - Winner!

Build Orders:  

Get SALT Encoding   

  12  0:01  Probe  
  13  0:17  Pylon  
  13  0:20  Probe  
  14  0:41  Pylon  
  14  0:59  Probe  
  14  1:00  Gateway  
  14  1:03  Gateway  
  15  1:09  Gateway  
  15  1:11  Probe  
  16  1:20  Gateway  
  16  1:30  Pylon  
  16  1:33  Probe  
  17  1:56  Zealot x2 (Chrono Boost)  
  17  1:57  Zealot (Chrono Boost)  
  25  2:09  Pylon  
  25  2:10  Zealot (Chrono Boost)  
  27  2:24  Zealot (Chrono Boost)  
  27  2:27  Zealot (Chrono Boost)  
  29  2:49  Zealot (Chrono Boost)  
  33  2:56  Zealot (Chrono Boost)  
  35  2:59  Zealot (Chrono Boost)  
Tags
 
Matchup
PvP
Add a new tag
Caveats
  • Supply blocks, unpowered buildings, or Contaminate may cause inaccurate times.
  • Supply counts are checked every 10 seconds.